 Dungeon Crawl Stone Soup version 0.27.1-1-g398f81649c (webtiles) character file.

Game seed: 14076465750498682726

676 Spurlaut the Chopper (level 7, -5/61 HPs)
             Began as a Minotaur Berserker on Sept 18, 2021.
             Was a Priest of Trog.
             Slain by an ice beast (6 damage)
             ... on level 5 of the Dungeon.
             The game lasted 00:37:08 (4979 turns).

Spurlaut the Chopper (Minotaur Berserker)           Turns: 4979, Time: 00:37:09

Health: -5/61      AC:  4    Str: 24    XL:     7   Next: 33%
Magic:  6/6        EV: 12    Int:  4    God:    Trog [***...]
Gold:   97         SH:  0    Dex:  9    Spells: 6/6 levels left

rFire    . . .     SeeInvis .   a - +0 hand axe
rCold    . . .     Faith    .   (no shield)
rNeg     . . .     Spirit   .   d - +0 leather armour
rPois    .         Reflect  .   (helmet restricted)
rElec    .         Harm     .   (no cloak)
rCorr    .         Rampage  .   (no gloves)
Will     .....                  m - +0 pair of boots
Stlth    +.........             p - amulet of the acrobat
HPRegen  0.20/turn              (no ring)
MPRegen  0.10/turn              (no ring)

@: lethally poisoned (-5 -> -9)
A: horns 2, retaliatory headbutt
a: Renounce Religion, Berserk, Trog's Hand


You were on level 5 of the Dungeon.
You worshipped Trog.
Trog was most pleased with you.
You visited 1 branch of the dungeon, and saw 5 of its levels.

You collected 97 gold pieces.

Inventory:

Hand Weapons
 a - a +0 hand axe (weapon)
 l - a +3 flail
Missiles
 c - 77 stones (quivered)
 r - 46 sling bullets
 u - 6 poisoned darts
 x - 6 bolts
Armour
 b - a +0 animal skin
 d - a +0 leather armour (worn)
 m - a +0 pair of boots (worn)
Jewellery
 i - an amulet of magic regeneration
 p - an amulet of the acrobat (around neck)
Wands
 v - a wand of iceblast (17)
Scrolls
 e - a scroll of enchant weapon {unknown}
 f - 4 scrolls of identify {unknown}
 g - a scroll of immolation {unknown}
 h - a scroll of fear {unknown}
 j - a scroll of magic mapping {unknown}
 k - 4 scrolls of teleportation {unknown}
 n - a scroll of vulnerability {unknown}
 w - a scroll of enchant armour {unknown}
Potions
 o - 2 potions of flight {unknown}
 q - 2 potions of degeneration {unknown}
 s - a potion of mutation {unknown}
 t - a potion of ambrosia {unknown}
 z - 2 potions of lignification {unknown}


   Skills:
 + Level 5.6 Fighting
 * Level 7.1 Axes
 + Level 5.0 Armour
 + Level 4.4 Dodging


You had 6 spell levels left.
You didn't know any spells.
Your spell library was empty.

Dungeon Overview and Level Annotations

Branches:
Dungeon (5/15)
 Temple: D:4-7

Altars:


Innate Abilities, Weirdness & Mutations

You have a pair of horns on your head.
You reflexively headbutt those who attack you in melee.


Message History

You hit the ice beast but do no damage.
You feel very sick. The water moccasin barely misses you.
The ice beast closely misses you. The water moccasin barely misses you.
You furiously retaliate!
You headbutt the water moccasin.
You hit the water moccasin but do no damage.
Your headbutt misses the water moccasin.
The water moccasin is heavily wounded.
You slash the ice beast!
You feel very sick. The water moccasin barely misses you.
You furiously retaliate!
You headbutt the water moccasin, but do no damage.
The ice beast hits you. The ice beast freezes you!
You hit the water moccasin but do no damage.
The water moccasin is heavily wounded.
You hit the ice beast.
You feel very sick. The water moccasin misses you.
An orc comes into view. It is wielding a +0 dagger.
The ice beast hits you but does no damage.
You hit the ice beast.
The ice beast is heavily wounded.
You hit the water moccasin.
You feel sick. The water moccasin bites you.
* * * LOW HITPOINT WARNING * * *
The ice beast barely misses you.
The water moccasin bites you but does no damage.
You completely miss the ice beast.
The ice beast is heavily wounded.
You barely miss the water moccasin.
You feel sick. The water moccasin barely misses you.
The ice beast hits you but does no damage.
Unknown command.
You hit the water moccasin.
The water moccasin is severely wounded.
You hit the ice beast.
You feel sick. The water moccasin bites you.
* * * LOW HITPOINT WARNING * * *
The ice beast hits you.
* * * LOW HITPOINT WARNING * * *
The ice beast freezes you.
You die...

######.≈≈≈≈≈....##.....#
......≈.♣.♣...≈...# #
.....##≈.≈#...≈##.###....
.....≈≈≈≈...♣≈.#(........
....#.≈...≈..###(####....
#####.♣.≈.≈≈♣.≈#.# ..
......≈.≈≈≈≈≈≈##(#
#####.#....#.###Y# .
#.#..#.# # #@# #.#.#..#.#
# #S# ###.#.#..#.#.#
#J...5♣ .........#.#.#
#.##.♣S.# ###.#.#......#
#.. J. # #.#.#....###.#
## #.#..........#
#............#
#))..........#


You could see a water moccasin, an ice beast and a jelly.

Vanquished Creatures
  Grinder (D:4)
  A black bear (D:4)
  A scorpion (D:5)
  A bullfrog zombie (D:4)
  A hound (D:5)
  An orc priest (D:3)
  Natasha (D:3)
  2 orc wizards
  A hound zombie (D:5)
  A hound skeleton (D:4)
  Robin (D:4)
  3 adders
  3 dart slugs
  A worm (D:4)
  9 orcs
  3 bats
  6 endoplasms
  4 giant cockroaches
  8 goblins
  10 hobgoblins
  8 jackals
  7 kobolds
  4 quokkas
  8 ball pythons
  4 frilled lizards (D:2)
  7 rats
97 creatures vanquished.

Notes
Turn   | Place    | Note
-------+----------+-------------------------------------------
     0 | D:1      | Spurlaut the Minotaur Berserker began the quest for the
                  | Orb.
     0 | D:1      | Reached XP level 1. HP: 19/19 MP: 0/0
   163 | D:1      | Reached XP level 2. HP: 24/27 MP: 1/1
   169 | D:1      | Reached skill level 4 in Axes
   357 | D:1      | Found a faded altar of an unknown god.
   580 | D:1      | Reached XP level 3. HP: 27/33 MP: 2/2
  1178 | D:2      | Reached ** piety under Trog
  1732 | D:3      | Reached XP level 4. HP: 21/40 MP: 3/3
  2119 | D:3      | Reached skill level 5 in Axes
  2336 | D:3      | Noticed Natasha
  2342 | D:3      | Killed Natasha
  2343 | D:3      | Reached XP level 5. HP: 37/47 MP: 4/4
  2997 | D:4      | Noticed a black bear
  3008 | D:4      | Killed a black bear
  3011 | D:4      | Identified the +1 helmet of Hosamu {rC+}
  3011 | D:4      | Noticed Robin
  3264 | D:4      | Killed Robin
  3265 | D:4      | Reached XP level 6. HP: 31/55 MP: 5/5
  3410 | D:4      | Noticed Grinder
  3412 | D:4      | Paralysed by Grinder for 3 turns
  3424 | D:4      | Paralysed by Grinder for 3 turns
  3449 | D:4      | Killed Grinder
  3450 | D:4      | Reached skill level 5 in Fighting
  3450 | D:4      | Reached skill level 6 in Axes
  4255 | D:4      | Reached XP level 7. HP: 55/61 MP: 6/6
  4303 | D:4      | Reached *** piety under Trog
  4515 | D:5      | Entered Level 5 of the Dungeon
  4542 | D:5      | Reached skill level 7 in Axes
  4936 | D:5      | Reached skill level 5 in Armour
  4979 | D:5      | HP: 1/61 [ice beast (3)]
  4979 | D:5      | Slain by an ice beast

Illustrated notes

Levels and vault maps discovered:
D:1:      mrwooster_arrival_arrow, layout_rooms,
          shapermc_ecumenical_altar_starsandcircs
D:2:      layout_basic
D:3:      layout_basic, st_stairs_2, corexii_corridor_pit, uniq_natasha
D:4:      layout_basic, minivault_19, uniq_grinder, uniq_robin
D:5:      layout_basic, minmay_temple_entry_drinking_statues, serial_rivers,
          chequers_serial_rivers_micro_d, chequers_serial_rivers_marsh,
          chequers_serial_rivers_large_a, chequers_serial_rivers_micro_c,
          minmay_ruined_shrine

Skill      XL: |  1  2  3  4  5  6  7 |
---------------+----------------------+-----
Axes           | 4 5 6 7 |  7.1
Fighting       | 4 5 |  5.6
Armour         | 3 4 5 |  5.0
Dodging        | 3 4 |  4.4

Action                   |  1- 3 |  4- 6 |  7- 9 || total
-------------------------+-------+-------+-------++-------
Melee: Hand axe          |    67 |    85 |    34 ||   186
       Headbutt          |    10 |    17 |     7 ||    34
       Flail             |     4 |    13 |       ||    17
Throw: Stone             |    23 |    13 |     3 ||    39
Invok: Berserk           |     2 |       |       ||     2
Armor: Animal skin       |     4 |       |       ||     4
       Leather armour    |    12 |    21 |    12 ||    45
Dodge: Dodged            |    63 |    60 |    20 ||   143
